 Dungeon Crawl Stone Soup version 0.26-a0-597-gb535b0901c (webtiles) character file.

Game seed: 6280812949275282719

7962 caroll the Cleaver (level 11, -11/100 HPs)
             Began as a Naga Fighter on Sept 9, 2020.
             Was a Believer of Nemelex Xobeh.
             Mangled by a skeletal warrior
             ... wielding a +0 hand axe
             ... led by a skeletal warrior
              (19 damage)
             ... on level 11 of the Dungeon.
             The game lasted 00:23:55 (11124 turns).

caroll the Cleaver (Naga Fighter)                  Turns: 11124, Time: 00:23:56

Health: -11/100    AC: 13    Str: 25    XL:     11   Next: 23%
Magic:  11/11      EV: 13    Int: 10    God:    Nemelex Xobeh [**....]
Gold:   333        SH:  5    Dex: 19    Spells: 10/10 levels left

rFire    . . .     SeeInvis +   s - +5 battleaxe (curse)
rCold    . . .     Faith    .   (shield currently unavailable)
rNeg     . . .     Spirit   .   j - +3 steam dragon scales
rPois    +         Reflect  +   n - +0 helmet
rElec    +         Harm     .   k - +0 cloak
rCorr    .                      m - +0 pair of gloves
MR       +....                  (no barding)
Stlth    +++.......             p - amulet of reflection
HPRegen  0.26/turn              h - +6 ring of strength
MPRegen  0.12/turn              b - ring "Tecadgh" {rElec Dex+7 Stlth+}

@: very slow
A: large, see invisible, deformed body, poison resistance, slowness 2, spit
poison 1, AC +3
a: Spit Poison, Draw Escape, Draw Destruction, Draw Summoning, Renounce Religion


You were on level 11 of the Dungeon.
You worshipped Nemelex Xobeh.
Nemelex Xobeh was pleased with you.
You visited 1 branch of the dungeon, and saw 11 of its levels.

You collected 598 gold pieces.
You spent 265 gold pieces at shops.

Inventory:

Hand Weapons
 s - a cursed +5 battleaxe (weapon)
Armour
 j - +3 steam dragon scales (worn)
 k - a +0 cloak (worn)
 m - a +0 pair of gloves (worn)
 n - a +0 helmet (worn)
Jewellery
 b - the ring "Tecadgh" (right hand) {rElec Dex+7 Stlth+}
   (You took it off an orc wizard on level 6 of the Dungeon)

   [ring of stealth]

   It affects your dexterity (+7).
   It insulates you from electricity.
   It makes you more stealthy.
 e - an uncursed ring of positive energy
 h - a +6 ring of strength (left hand)
 p - an amulet of reflection (around neck)
 t - a +6 ring of intelligence
 u - an uncursed ring of fire
Wands
 a - a wand of digging (4)
 l - a wand of paralysis (8)
Scrolls
 c - 9 scrolls of identify
 f - 5 scrolls of teleportation
 i - 4 scrolls of remove curse
Potions
 g - a potion of curing
 o - 4 potions of flight


   Skills:
 + Level 7.0 Fighting
 * Level 13.7 Axes
 + Level 4.5 Armour
 + Level 4.4 Dodging
   Level 2.4 Shields
 - Level 0.6 Evocations


You had 10 spell levels left.
You didn't know any spells.
Your spell library contained the following spells:

 Spells                   Type           Power        Failure   Level
 Animate Skeleton         Necr           #.....       36%         1
 Pain                     Necr           #...         36%         1
 Sting                    Tmut/Pois      #...         36%         1
 Summon Small Mammal      Summ           #...         36%         1
 Call Imp                 Summ           #.......     50%         2
 Poisonous Vapours        Pois/Air       #.....       50%         2
 Call Canine Familiar     Summ           #.......     75%         3
 Ignite Poison            Fire/Tmut/Pois #.......     75%         3
 Mephitic Cloud           Conj/Pois/Air  #.......     75%         3
 Summon Guardian Golem    Hex/Summ       #.......     75%         3
 Vampiric Draining        Necr           #.........   75%         3
 Animate Dead             Necr           #.........   98%         4
 Olgreb's Toxic Radiance  Pois           #.......     98%         4
 Summon Ice Beast         Ice/Summ       #.......     98%         4
 Summon Lightning Spire   Summ/Air       #.......     98%         4
 Agony                    Necr           #.......     100%        5


Dungeon Overview and Level Annotations

Branches:
Dungeon (11/15)            Temple (0/1) D:7
   Lair: D:8-11         Orc: D:9-12

Altars:
Hepliaklqana
Nemelex Xobeh
Qazlal
Trog
Vehumet

Shops:
D:4 [:}(?   D:6 (

Annotations:
D:7 2 transporters
D:10 Sonja


Innate Abilities, Weirdness & Mutations

You cannot wear boots.
Your serpentine skin is tough. (AC +3)
You have supernaturally acute eyesight. (SInv)
Armour fits poorly on your strangely shaped body.
Your system is resistant to poisons. (rPois)
You cover ground very slowly.
You can spit poison.


Message History

Okay, then.
The skeletal warrior completely misses you.
You draw a card...
You have drawn the Dance.
The deck of cards glows with a rainbow of weird colours and disappears.
You hit the skeletal warrior but do no damage.
The skeletal warrior is lightly damaged.
The skeletal warrior hits you with a +0 hand axe!!
* * * LOW HITPOINT WARNING * * *
The skeletal warrior hits your -1 quarterstaff of venom but does no damage.
Unknown command.
You slice the skeletal warrior!!
The skeletal warrior is heavily damaged.
The skeletal warrior hits you with a +0 hand axe.
* * * LOW HITPOINT WARNING * * *
The skeletal warrior hits your -1 quarterstaff of venom with a +0 hand axe.
Your -1 quarterstaff of venom hits the skeletal warrior.
Unknown command.
The skeletal warrior hits you with a +0 hand axe!!
You die...
Your body disappears without a glow.

##.##.).#.#
#.######.#
#...# #.#
###.# #.#
#.# .# #.#
#)# #.# #@#
#z# ###(#
#...# ###.#
#.# #.# #.#
#.#


You could see a skeletal warrior and a friendly -1 quarterstaff of venom
(summoned).

Vanquished Creatures
  3 two-headed ogres
  Pikel (D:6)
  Maurice (D:9)
  Prince Ribbit (D:9)
  3 hippogriffs (D:7)
  Edmund (D:5)
  An ice beast (D:8)
  An ogre (D:8)
  3 phantoms
  4 centaurs
  The ghost of rcw the Firebug, an amateur HuFE of Lugonu (D:3)
  2 lemures (D:6)
  8 bullfrogs
  A gnoll sergeant (D:8)
  2 scorpions
  A wyvern skeleton (D:8)
  11 killer bees
  4 wights (D:9)
  3 howler monkeys
  A bullfrog zombie (D:7)
  A centaur zombie (D:9)
  7 orc wizards
  A centaur skeleton (D:7)
  A hound (D:11)
  A jelly (D:9)
  4 orc priests (D:7)
  Jessica (D:3)
  7 worker ants
  Natasha (thrice) (D:3)
  4 iguanas
  2 hound skeletons (D:7)
  A worker ant zombie (D:9)
  10 adders
  5 gnolls
  A shadow imp (D:6)
  3 white imps
  2 ufetubi
  An adder zombie (D:8)
  An adder skeleton (D:5)
  2 dart slugs
  5 leopard geckos
  31 orcs
  A ball python (D:3)
  4 giant cockroaches
  8 goblins
  3 hobgoblins
  2 jackals (D:8)
  A quokka (D:9)
  10 bats
  4 frilled lizards
  6 kobolds
  9 rats
195 creatures vanquished.

Vanquished Creatures (collateral kills)
  2 skeletal warriors (D:11)
  Maggie (D:6)
  A centaur (D:6)
4 creatures vanquished.

Grand Total: 199 creatures vanquished

Notes
Turn   | Place    | Note
-------+----------+-------------------------------------------
     0 | D:1      | caroll the Naga Fighter began the quest for the Orb.
     0 | D:1      | Reached XP level 1. HP: 21/21 MP: 1/1
   412 | D:1      | Reached XP level 2. HP: 27/28 MP: 2/2
  1099 | D:2      | Reached XP level 3. HP: 34/34 MP: 3/3
  1524 | D:2      | Reached skill level 3 in Axes
  1553 | D:2      | Reached XP level 4. HP: 20/42 MP: 2/4
  2376 | D:3      | Reached skill level 4 in Axes
  2376 | D:3      | Noticed Natasha
  2394 | D:3      | Reached XP level 5. HP: 36/49 MP: 5/5
  2408 | D:3      | Killed Natasha
  2561 | D:3      | Found a runed translucent door.
  2563 | D:3      | Noticed rcw's ghost (amateur HuFE)
  2617 | D:3      | Noticed Jessica
  2620 | D:3      | Killed Jessica
  2745 | D:3      | Noticed Natasha
  2753 | D:3      | Killed Natasha
  2893 | D:3      | Noticed Natasha
  2898 | D:3      | Killed Natasha
  2898 | D:3      | Reached skill level 5 in Axes
  2898 | D:3      | Reached XP level 6. HP: 39/56 MP: 6/6
  3292 | D:3      | Killed rcw's ghost
  3391 | D:4      | Found Xuppili's Weapon Shop.
  3398 | D:4      | Found Otecoi's Gadget Boutique.
  3500 | D:4      | Found Sunnipas's Armour Boutique.
  3564 | D:4      | Found Zuimn's Book Boutique.
  3836 | D:4      | Found Elloycw's Magic Scroll Shoppe.
  3841 | D:4      | Bought a scroll of enchant armour for 75 gold pieces
  3841 | D:4      | Bought a scroll of summoning for 95 gold pieces
  3930 | D:4      | Reached XP level 7. HP: 39/63 MP: 7/7
  4190 | D:5      | Entered Level 5 of the Dungeon
  4231 | D:5      | Reached skill level 6 in Axes
  5019 | D:5      | Noticed Edmund
  5033 | D:5      | Killed Edmund
  5033 | D:5      | Reached skill level 1 in Dodging
  5396 | D:4      | Bought a scroll of blinking for 75 gold pieces
  5396 | D:4      | Bought a scroll of identify for 20 gold pieces
  5462 | D:6      | Noticed Maggie
  5487 | D:6      | Killed Maggie
  5487 | D:6      | Reached skill level 7 in Axes
  5487 | D:6      | Reached XP level 8. HP: 39/72 MP: 8/8
  5635 | D:6      | Identified the ring "Tecadgh" {rElec Dex+7 Stlth+}
  6118 | D:6      | Reached skill level 8 in Axes
  6367 | D:6      | Found Lecircho's Weapon Shop.
  6389 | D:6      | Noticed Pikel
  6407 | D:6      | Killed Pikel
  6407 | D:6      | Reached skill level 9 in Axes
  6407 | D:6      | Reached XP level 9. HP: 27/80 MP: 9/9
  6742 | D:6      | Found a sparkling altar of Nemelex Xobeh.
  6806 | D:6      | Became a worshipper of Nemelex Xobeh the Trickster
  7036 | D:7      | Received a gift from Nemelex Xobeh
  7059 | D:7      | Found a staircase to the Ecumenical Temple.
  7180 | D:7      | Reached skill level 5 in Fighting
  7323 | D:7      | Reached skill level 10 in Axes
  7427 | D:7      | Found a stormy altar of Qazlal.
  7637 | D:7      | Found a bloodstained altar of Trog.
  7867 | D:7      | Found a transporter.
  7917 | D:7      | Found a transporter.
  8401 | D:8      | Found a hazy altar of Hepliaklqana.
  8428 | D:8      | Reached skill level 11 in Axes
  8483 | D:8      | Found a radiant altar of Vehumet.
  8621 | D:8      | Reached * piety under Nemelex Xobeh
  8642 | D:8      | Noticed a two-headed ogre
  8652 | D:8      | Killed a two-headed ogre
  8652 | D:8      | Reached XP level 10. HP: 87/91 MP: 10/10
  9368 | D:9      | Noticed Prince Ribbit
  9375 | D:9      | Killed Prince Ribbit
  9375 | D:9      | Reached skill level 12 in Axes
  9759 | D:9      | Found a bloodstained altar of Trog.
  9822 | D:9      | Noticed Maurice
  9842 | D:9      | Killed Maurice
  9940 | D:9      | Reached ** piety under Nemelex Xobeh
  9945 | D:9      | Received a gift from Nemelex Xobeh
 10099 | D:9      | Noticed a two-headed ogre
 10106 | D:9      | Killed a two-headed ogre
 10106 | D:9      | Reached skill level 13 in Axes
 10421 | D:10     | Entered Level 10 of the Dungeon
 10433 | D:10     | Noticed Sonja
 10457 | D:11     | Noticed a two-headed ogre
 10461 | D:11     | Killed a two-headed ogre
 10461 | D:11     | Reached XP level 11. HP: 43/99 MP: 11/11
 10483 | D:11     | Noticed a death knight
 10487 | D:11     | HP: 4/99 [death knight/cursed -1 battleaxe (16)]
 11041 | D:11     | Noticed a skeletal warrior
 11041 | D:11     | Noticed a skeletal warrior
 11042 | D:11     | Noticed a skeletal warrior
 11068 | D:11     | Killed a skeletal warrior
 11088 | D:11     | Killed a skeletal warrior
 11124 | D:11     | Mangled by a skeletal warrior

Illustrated notes

Levels and vault maps discovered:
D:1:      mrwooster_arrival_statue_3, layout_loops_ring
D:2:      layout_rooms
D:3:      layout_basic, ebering_ghost_reflecting_pool, uniq_jessica,
          uniq_natasha
D:4:      layout_loops_cross, serial_shops, kennysheep_mini_moat, shop, shop,
          shop, shop
D:5:      layout_loops_ring, uniq_edmund
D:6:      layout_cave_pools, nemelex_xobeh_ov_fountains_minmay, serial_shops,
          shop, uniq_pikel, uniq_maggie
D:7:      gammafunk_cloud_chamber, layout_basic, kennysheep_mini,
          minmay_temple_entry_mini_moons, david_defended_altar_orc
D:8:      layout_cave_pods, amethyst_overflow_temple_binary,
          kennysheep_generic_room_6
D:9:      layout_loops_cross, basic_altar, uniq_prince_ribbit1, uniq_maurice
D:10:     layout_rooms, minmay_lair_entry_grove, kennysheep_nondescript,
          uniq_sonja
D:11:     layout_basic, gammafunk_ghost_abyssal_escape, gauntlet_entry_generic,
          eino_jars

Skill      XL: |  1  2  3  4  5  6  7  8  9 10 11 |
---------------+----------------------------------+-----
Axes           | 3 4 5 7 9 11 13 | 13.7
Armour         | 3 4 |  4.5
Fighting       | 4 5 6 7 |  7.0
Dodging        | 1 2 3 4 |  4.4
Shields        | |  2.4
Evocations     | |  0.6

Action                   |  1- 3 |  4- 6 |  7- 9 | 10-12 || total
-------------------------+-------+-------+-------+-------++-------
Melee: War axe           |   107 |   159 |   308 |    94 ||   668
       Battleaxe         |       |       |       |    84 ||    84
Invok: Draw Destruction  |       |       |       |     4 ||     4
       Draw Summoning    |       |       |       |     2 ||     2
 Abil: Spit Poison       |     1 |     3 |     8 |       ||    12
Evoke: Wand              |       |       |     5 |     4 ||     9
  Use: Scroll            |       |     5 |    11 |     7 ||    23
       Potion            |       |     2 |    11 |     3 ||    16
 Stab: Paralysed         |       |       |     4 |     3 ||     7
       Sleeping          |       |       |       |     4 ||     4
Armor: Scale mail        |    87 |    61 |    52 |       ||   200
       Skin              |       |    15 |     1 |       ||    16
       Steam dragon scal |       |       |   123 |    80 ||   203
Dodge: Dodged            |    65 |    49 |   164 |   103 ||   381
Block: Other             |       |    22 |    93 |    45 ||   160
       Reflection        |       |     1 |     3 |     1 ||     5

Table legend: (Time is in decaauts)
 A = Elapsed time spent in this place.
 B = Non-inter-level travel time spent in this place.
 C = Inter-level travel time spent in this place.
 D = Time resting spent in this place.
 E = Time spent auto-exploring this place.
 F = Levels seen in this place.
 G = Mean time per level.
                   A        B        C        D        E       F      G
               +--------+--------+--------+--------+--------+-----+--------+
         Total |  13309 |  12886 |    423 |   2538 |   8462 |  11 | 1209.9 |
       Dungeon |  13309 |  12886 |    423 |   2538 |   8462 |  11 | 1209.9 |
               +--------+--------+--------+--------+--------+-----+--------+

Top non-repeatable levels by time:
     D:3: 1637 daAuts
     D:6: 1633 daAuts
     D:7: 1501 daAuts
     D:8: 1496 daAuts
     D:5: 1406 daAuts
     D:1: 1306 daAuts
     D:9: 1265 daAuts
     D:2: 1164 daAuts
     D:4: 1146 daAuts
    D:11: 724 daAuts
    D:10: 26 daAuts
